AoeStats
← KingHennesVIII

Black Forest

504491718Analyzed
1v1 RM · 27d ago on Sep 5, 2026· 23m 5s· 2 players
Game mode
Random Map
Map size
Tiny (2 player)
Population
200
Speed
Normal
Resources
Standard
Victory
Conquest
Starting age
Dark Age
Ending age
Imperial Age
RankedLock teamsTeams togetherTeam positionsShared explorationLock speedFull tech treeHidden civsTurbo modeCheats
Victory
Defeat
🇦🇷 Turks · Argentina
864
+18
🇩🇪 Spanish · Germany
903
-51
LP
4:58 Loom
10:54 Feudal Age
18:30 Castle Age
18:59 Wheelbarrow
21:35 Double-Bit Axe
22:14 Town Watch
KingHennesVIII
7:28 Loom
16:12 Feudal Age
Connection lost

Rejoining the realm…

Still unreachable

The connection could not be restored.

Session expired

The server has moved on; the page needs a fresh start.